 Dungeon Crawl Stone Soup version 0.21.0-24-g2553a33 (webtiles) character file.

12453 Mesmaeker13 the Frost Mage (level 11, -10/54 HPs)
             Began as a Vine Stalker Ice Elementalist on Jan 20, 2018.
             Was an Elder of Sif Muna.
             Killed from afar by Aviak's ghost (37 damage)
             ... with an orb of energy
             ... on level 11 of the Dungeon.
             The game lasted 00:51:05 (19801 turns).

Mesmaeker13 the Frost Mage (VSIE)                  Turns: 19801, Time: 00:51:05

Health: -10/54     AC:  6    Str: 14    XL:     11   Next: 93%
Magic:  0/17       EV: 18    Int: 22    God:    Sif Muna [****..]
Gold:   347        SH: 13    Dex: 20    Spells: 0/16 levels left

rFire    + . .     SeeInvis +   D - +2 short sword (venom)
rCold    . . .     Gourm    .   a - +2 buckler {rN+}
rNeg     + . .     Faith    .   N - +0 leather armour {rPois}
rPois    +         Spirit   +   (no helmet)
rElec    .         Reflect  +   m - scarf {rC+ rF+}
rCorr    .         Harm     .   (no gloves)
MR       +....                  s - +2 pair of boots
Stlth    ++........             o - +6 amulet of reflection
HPRegen  0.58/turn              H - ring "Riebbu" {rPois rC- Int+4 Dex+4 SInv}
MPRegen  0.15/turn              f - +4 ring of strength

@: no status effects
A: fangs 3, regeneration 1, magic shield, antimagic bite, no potion heal 3, rot
immunity
a: Divine Energy, Channel Magic, Forget Spell, Renounce Religion


You were on level 11 of the Dungeon.
You worshipped Sif Muna.
Sif Muna was greatly pleased with you.
You were near starving.

You visited 2 branches of the dungeon, and saw 12 of its levels.

You collected 803 gold pieces.
You spent 456 gold pieces at shops.

Inventory:

Hand Weapons
 u - a +0 blowgun
 D - a +2 short sword of venom (weapon)
Missiles
 l - 3 needles of sleeping
 v - 25 poisoned needles
 I - a throwing net (quivered)
Armour
 a - a +2 buckler of positive energy (worn)
 i - a +0 shield
 m - a scarf of resistance (worn)
 s - a +2 pair of boots (worn)
 N - a +0 leather armour of poison resistance (worn)
 O - the +5 ring mail of Iponaazo {rCorr}
   (You took it off a gnoll sergeant on level 9 of the Dungeon)

   It protects you from acid and corrosion.
Jewellery
 f - a +4 ring of strength (right hand)
 n - an uncursed ring of protection from cold
 o - a +6 amulet of reflection (around neck)
 E - an uncursed ring of positive energy
 H - the ring "Riebbu" (left hand) {rPois rC- Int+4 Dex+4 SInv}
   (You bought it in a shop on level 4 of the Dungeon)

   [ring of see invisible]

   It affects your intelligence (+4).
   It affects your dexterity (+4).
   It makes you vulnerable to cold.
   It protects you from poison.
   It lets you see invisible.
 J - an uncursed ring of protection from fire
Wands
 e - a wand of paralysis (15)
 A - a wand of disintegration (4)
 F - a wand of scattershot (2)
Scrolls
 d - 2 scrolls of magic mapping
 g - 2 scrolls of fog
 h - 7 scrolls of remove curse
 y - 2 scrolls of blinking
 z - a scroll of enchant armour
 B - 3 scrolls of teleportation
 C - a scroll of silence
Potions
 k - a potion of brilliance {unknown}
 p - 2 potions of agility
 q - 2 potions of flight
 t - 2 potions of magic
 w - 4 potions of curing
 x - a potion of ambrosia {unknown}
 G - a potion of resistance {unknown}
 K - a potion of haste {unknown}
 M - a potion of might {unknown}
 P - a potion of lignification {unknown}
Books
 b - a book of Frost

   Spells                             Type                      Level
   a - Freeze                         Ice                          1
   b - Throw Frost                    Conjuration/Ice              2
   c - Ozocubu's Armour               Charms/Ice                   3
   d - Throw Icicle                   Conjuration/Ice              4
   e - Summon Ice Beast               Ice/Summoning                4
 j - a book of Flames

   Spells                             Type                      Level
   a - Flame Tongue                   Conjuration/Fire             1
   b - Throw Flame                    Conjuration/Fire             2
   c - Conjure Flame                  Conjuration/Fire             3
   d - Inner Flame                    Hexes/Fire                   3
   e - Sticky Flame                   Conjuration/Fire             4
   f - Fireball                       Conjuration/Fire             5
 r - a book of Battle

   Spells                             Type                      Level
   a - Infusion                       Charms                       1
   b - Shroud of Golubria             Charms/Translocation         2
   c - Song of Slaying                Charms                       2
   d - Spectral Weapon                Hexes/Charms                 3
   e - Regeneration                   Charms/Necromancy            3
Comestibles
 c - 14 rations


   Skills:
 + Level 4.8 Fighting
 - Level 8.3 Dodging
 - Level 2.4 Stealth
 + Level 3.0 Shields
 - Level 3.3 Spellcasting
 - Level 8.1 Conjurations
 - Level 5.0 Charms
 - Level 2.2 Summonings
 + Level 2.1 Fire Magic
 + Level 10.7 Ice Magic


You couldn't memorise any spells.
You knew the following spells:

 Your Spells              Type           Power        Failure   Level  Hunger
a - Freeze                Ice            ####         1%          1    None
b - Throw Frost           Conj/Ice       #####.       1%          2    ##.....
c - Throw Icicle          Conj/Ice       #####...     3%          4    ####...
d - Ozocubu's Armour      Chrm/Ice       #####...     1%          3    ###....
e - Summon Ice Beast      Ice/Summ       ####....     12%         4    ####...
f - Throw Flame           Conj/Fire      ####..       3%          2    ##.....


Dungeon Overview and Level Annotations

Branches:
Dungeon (11/15)            Temple (1/1) D:4             Orc (0/2) D:9
   Lair: D:8-11

Altars:
Ashenzari
Cheibriados
Dithmenos
Elyvilon
Fedhas
Gozag
Hepliaklqana
Kikubaaqudgha
Makhleb
Nemelex Xobeh
Okawaru
Qazlal
Ru
Sif Muna
Trog
Uskayaw
Vehumet
Wu Jian
Xom
Yredelemnul
Zin
The Shining One

Shops:
D:4 =   D:6 ?

Annotations:
D:6 Monsterracer's ghost, novice DDAM
D:11 Aviak's ghost, journeyman FoCj


Innate Abilities, Weirdness & Mutations

You have razor-sharp teeth.
Your natural rate of healing is unusually fast.
When hurt, damage is shared between your health and your magic reserves.
Your bite disrupts and absorbs the magic of your enemies.
Potions cannot restore your health.
You are immune to rotting.


Message History

Confirm with . or Enter, or press ? or * to list all spells.
Aiming: Throw Icicle
Press: ? - help, Shift-Dir - straight line, f/p - Aviak's ghost
Aim: Aviak's ghost, wielding a weapon of freezing (severely damaged)
The shard of ice hits Aviak's ghost.
Aviak's ghost is almost destroyed.
You are near starving!
Aviak's ghost points at you and mumbles some strange words.
The orb of energy hits you!
The orb of energy explodes!
You hear an angry buzzing noise. x3
Casting: Throw Icicle
Confirm with . or Enter, or press ? or * to list all spells.
You don't have enough magic to cast that spell.
Unknown command.
You hit Aviak's ghost but do no damage.
Aviak's ghost is almost destroyed.
Aviak's ghost casts a spell at you. The orb of energy hits you!
Ouch! That really hurt!
You die...

...≈≈≈≈...# #.## ..
...≈≈≈....# #..###. #
..........# ##.#.#.#
.#.#########<### #(.....
.........###.#########.....
≈≈≈...≈..).#.#............#
≈≈≈≈.....#Y#.#.............
≈≈≈......#W#.#.............
......b..#@#.#.............
.........#..............#.#
...Y.....#####.............
....#....# #..≈≈≈........
#....(..## #...≈.........
..#...#.. ......≈.........
......... ..............##.
.....###.###### . .....#
#.# #


You could see an ice beast and Aviak's ghost.

Vanquished Creatures
  A centaur warrior (D:8)
  3 two-headed ogres
  An unseen horror (D:11)
  Pikel (D:7)
  A cyclops (D:11)
  A gargoyle (D:8)
  A polar bear (D:11)
  Grinder (D:6)
  Prince Ribbit (D:8)
  A hippogriff (D:9)
  The ghost of CasualChangeling the Bolt Thrower, an amateur KoHu (D:4)
  Sigmund (D:6)
  A centaur simulacrum (D:11)
  Menkaure (D:6)
  Edmund (D:3)
  Duvessa (D:4)
  A swamp drake (D:9)
  4 ice beasts
  6 orc warriors
  2 phantoms
  3 sky beasts
  2 eyes of draining
  7 ogres
  4 necrophages (D:8)
  3 wolves
  5 centaurs
  5 big kobolds
  4 bullfrogs
  Dowan (D:3)
  A gnoll sergeant (D:9)
  2 scorpions
  A wyvern skeleton (D:10)
  11 killer bees
  2 jellies
  3 wights (D:8)
  8 electric eels
  3 crimson imps
  2 hounds (D:4)
  2 bullfrog zombies
  6 orc priests
  9 orc wizards
  A bullfrog skeleton (D:8)
  4 iguanas
  8 worker ants
  A hound skeleton (D:8)
  2 hound zombies
  2 mummies (D:8)
  A worker ant zombie (D:8)
  11 gnolls
  11 adders
  A worker ant simulacrum (D:8)
  2 ufetubi
  An ooze (D:1)
  An adder skeleton (D:4)
  3 worms
  2 dart slugs
  5 leopard geckos
  38 orcs
  6 giant cockroaches
  5 goblins
  12 hobgoblins
  4 quokkas
  A ball python (D:3)
  7 bats
  5 frilled lizards
  A jackal skeleton (D:4)
  57 kobolds
  A leopard gecko skeleton (D:4)
  3 rats
311 creatures vanquished.

Vanquished Creatures (collateral kills)
  A wraith (D:10)
1 creature vanquished.

Vanquished Creatures (others)
  An orc warrior (D:6)
  An orc (D:9)
  A kobold (D:6)
  7 fungi (D:11)
  5 plants (D:11)
15 creatures vanquished.

Grand Total: 327 creatures vanquished

Notes
Turn   | Place    | Note
-------+----------+-------------------------------------------
     0 | D:1      | Mesmaeker13 the Vine Stalker Ice Elementalist began the quest for the Orb.
     0 | D:1      | Reached XP level 1. HP: 9/9 MP: 4/4
   113 | D:1      | You fall through a shaft!
   455 | D:1      | Reached XP level 2. HP: 13/13 MP: 1/6
  1198 | D:2      | Reached XP level 3. HP: 14/16 MP: 1/8
  1206 | D:2      | Learned a level 2 spell: Throw Frost
  1497 | D:2      | Found a blossoming altar of Fedhas.
  1747 | D:2      | Found a bloodstained altar of Trog.
  2415 | D:3      | Gained mutation: Your natural rate of healing is unusually fast. [Vine Stalker growth]
  2415 | D:3      | Reached XP level 4. HP: 21/21 MP: 5/9
  3555 | D:3      | Noticed a sky beast
  4097 | D:4      | Killed a sky beast
  4097 | D:4      | Reached skill level 4 in Ice Magic
  4097 | D:4      | Reached XP level 5. HP: 18/24 MP: 1/11
  4110 | D:4      | Noticed CasualChangeling's ghost (amateur KoHu)
  4131 | D:3      | Reached XP level 6. HP: 28/28 MP: 0/12
  4480 | D:3      | HP: 1/28 [ogre/giant club (11)]
  4802 | D:4      | Found Hyarymm's Jewellery Boutique.
  4871 | D:4      | Found a staircase to the Ecumenical Temple.
  4871 | D:4      | Noticed Duvessa
  4871 | D:4      | Noticed Dowan
  4871 | D:4      | Noticed Edmund
  4904 | D:3      | Killed Edmund
  5083 | D:3      | Reached skill level 5 in Ice Magic
  5083 | D:3      | Reached XP level 7. HP: 22/32 MP: 2/13
  5331 | D:4      | Learned a level 4 spell: Throw Icicle
  5361 | D:4      | Killed Duvessa
  5427 | D:3      | Killed Dowan
  5627 | Temple   | Entered the Ecumenical Temple
  5791 | Temple   | Became a worshipper of Sif Muna the Loreminder
  6229 | D:5      | Entered Level 5 of the Dungeon
  6279 | D:5      | Learned a level 3 spell: Ozocubu's Armour
  6621 | D:5      | Reached skill level 6 in Ice Magic
  6621 | D:5      | Gained mutation: You have razor-sharp teeth. [Vine Stalker growth]
  6621 | D:5      | Reached XP level 8. HP: 30/36 MP: 6/14
  6768 | D:5      | Found an opulent altar of Gozag.
  7315 | D:6      | Noticed Menkaure
  7329 | D:6      | Killed Menkaure
  7329 | D:6      | Reached * piety under Sif Muna
  7329 | D:6      | Reached skill level 5 in Dodging
  7329 | D:6      | Reached skill level 5 in Conjurations
  7530 | D:6      | Noticed Grinder
  7565 | D:6      | Paralysed by Grinder for 3 turns
  8274 | D:7      | Found an iron altar of Okawaru.
  8309 | D:7      | Reached skill level 7 in Ice Magic
  8309 | D:7      | Reached XP level 9. HP: 39/39 MP: 8/15
  8598 | D:7      | Found a burning altar of Makhleb.
  8599 | D:7      | Found a shimmering altar of Xom.
  9006 | D:7      | Noticed Pikel
  9024 | D:7      | Killed Pikel
  9229 | D:6      | Found Sohut's Magic Scroll Emporium.
  9241 | D:6      | Reached ** piety under Sif Muna
  9246 | D:6      | Bought a scroll of teleportation for 30 gold pieces
  9246 | D:6      | Bought a scroll of teleportation for 30 gold pieces
  9267 | D:6      | Paralysed by Grinder for 4 turns
  9286 | D:6      | Killed Grinder
  9286 | D:6      | Reached skill level 8 in Ice Magic
  9544 | D:6      | Noticed Sigmund
  9553 | D:6      | Killed Sigmund
 10361 | D:6      | Reached XP level 10. HP: 44/44 MP: 5/16
 10473 | D:6      | Noticed Monsterracer's ghost (novice DDAM)
 11392 | D:6      | Reached *** piety under Sif Muna
 11423 | D:6      | Learned a level 4 spell: Summon Ice Beast
 11775 | D:8      | Noticed a two-headed ogre
 11801 | D:8      | Killed a two-headed ogre
 11801 | D:8      | Reached skill level 1 in Charms
 11801 | D:8      | Reached skill level 9 in Ice Magic
 11916 | D:8      | Found a glowing golden altar of the Shining One.
 12485 | D:8      | Noticed Prince Ribbit
 12599 | D:8      | Killed Prince Ribbit
 13089 | D:8      | Found a shimmering altar of Xom.
 13089 | D:8      | Found a deep blue altar of Sif Muna.
 13090 | D:8      | Noticed a gargoyle
 13090 | D:8      | Noticed a centaur warrior
 13251 | D:8      | Killed a gargoyle
 13398 | D:8      | Reached skill level 1 in Fighting
 13451 | D:8      | Killed a centaur warrior
 13451 | D:8      | Reached **** piety under Sif Muna
 13770 | D:9      | Noticed a two-headed ogre
 13779 | D:9      | Killed a two-headed ogre
 13779 | D:9      | Reached XP level 11. HP: 51/51 MP: 3/17
 14346 | D:9      | Identified a scroll of acquirement
 14516 | D:9      | Reached skill level 10 in Ice Magic
 14556 | D:9      | Noticed a two-headed ogre
 14568 | D:9      | Killed a two-headed ogre
 15374 | D:9      | Found a staircase to the Orcish Mines.
 15419 | D:9      | Reached skill level 5 in Charms
 15749 | D:10     | Entered Level 10 of the Dungeon
 16813 | D:10     | Reached skill level 1 in Summonings
 16820 | D:10     | Reached skill level 1 in Shields
 17221 | D:9      | Got a distressingly furry ring mail
 17808 | D:11     | Learned a level 2 spell: Throw Flame
 17840 | D:11     | Noticed a cyclops
 17842 | D:11     | Noticed a manticore
 18141 | D:11     | Noticed Aviak's ghost (journeyman FoCj)
 18840 | D:11     | Killed a cyclops
 18869 | D:11     | Reached skill level 1 in Fire Magic
 19271 | D:4      | Identified the +5 ring mail of Iponaazo {rCorr} (You took it off a gnoll sergeant on level 9 of the Dungeon)
 19317 | D:4      | Bought the ring "Riebbu" {rPois rC- Int+4 Dex+4 SInv} for 396 gold pieces
 19368 | D:4      | Killed CasualChangeling's ghost
 19595 | D:11     | Noticed an unseen horror
 19679 | D:11     | Killed an unseen horror
 19728 | D:11     | Found Jidurch's Assorted Antiques.
 19801 | D:11     | Killed from afar by Aviak's ghost

Skill      XL: |  1  2  3  4  5  6  7  8  9 10 11 |
---------------+----------------------------------+-----
Dodging        | 2 3 4 5 6 8 |  8.3
Spellcasting   | 3 |  3.3
Ice Magic      | 4 5 6 7 8 9 10 | 10.7
Conjurations   | 2 3 4 5 7 8 |  8.1
Charms         | 4 5 |  5.0
Fighting       | 2 4 |  4.8
Summonings     | 2 |  2.2
Shields        | 3 |  3.0
Fire Magic     | 2 |  2.1
Stealth        | |  2.4

Action                   |  1- 3 |  4- 6 |  7- 9 | 10-12 || total
-------------------------+-------+-------+-------+-------++-------
Melee: Dagger            |    18 |    32 |    28 |       ||    78
       Bite              |     3 |     9 |    22 |    93 ||   127
       Blowgun           |       |     3 |       |       ||     3
       Scimitar          |       |       |    11 |       ||    11
       Whip              |       |       |    32 |    99 ||   131
       Spear             |       |       |       |    42 ||    42
       Short sword       |       |       |       |   143 ||   143
 Fire: Blowgun           |       |    13 |    11 |    13 ||    37
 Cast: Freeze            |    46 |    86 |   146 |   182 ||   460
       Throw Frost       |     2 |     6 |    62 |    60 ||   130
       Throw Icicle      |       |       |    14 |    87 ||   101
       Ozocubu's Armour  |       |       |       |     2 ||     2
       Throw Flame       |       |       |       |    12 ||    12
       Summon Ice Beast  |       |       |       |     2 ||     2
Invok: Divine Energy     |       |       |       |     1 ||     1
       Stop Divine Energ |       |       |       |     1 ||     1
       Channel Magic     |       |       |       |     2 ||     2
Evoke: Wand              |       |       |    10 |     7 ||    17
  Use: Scroll            |     5 |     2 |     6 |     7 ||    20
       Potion            |       |     1 |       |       ||     1
 Stab: Sleeping          |     5 |     3 |     1 |     4 ||    13
       Distracted        |       |       |       |     2 ||     2
       Paralysed         |       |       |       |     1 ||     1
  Eat: Chunk             |     4 |     6 |    12 |    24 ||    46
       Ration            |       |     1 |     3 |     7 ||    11
Armor: Robe              |     7 |    20 |    26 |    28 ||    81
       Leather armour    |       |       |       |    23 ||    23
Dodge: Dodged            |    25 |    46 |   136 |   343 ||   550
Block: Other             |     4 |    35 |    68 |    93 ||   200
       Reflection        |     1 |     1 |    10 |    16 ||    28
       Buckler           |       |       |       |    92 ||    92
       Rpst.: Scimitar   |       |       |     8 |       ||     8
